 Dungeon Crawl Stone Soup version 0.28-a0-622-gbaef9634d7 (webtiles) character file.

Game seed: 1425896002390714316

280 mordus the Chopper (level 6, -10/51 HPs)
             Began as a Hill Orc Fighter on Oct 7, 2021.
             Mangled by an ogre (25 damage)
             ... on level 4 of the Dungeon.
             The game lasted 00:05:31 (3572 turns).

mordus the Chopper (Hill Orc Fighter)               Turns: 3572, Time: 00:05:32

Health: -10/51     AC:  8    Str: 18 (21) XL:     6   Next: 27%
Magic:  6/6        EV:  9    Int:  8      God:
Gold:   190        SH:  4    Dex:  9 (10) Spells: 5/5 levels left

rFire   . . .      SeeInvis .   m - +0 hand axe (vorpal)
rCold   . . .      Faith    .   c - +0 buckler
rNeg    . . .      Spirit   .   b - +0 scale mail
rPois   .          Reflect  .   e - +0 hat
rElec   .          Harm     .   l - +0 cloak
rCorr   .          Rampage  .   (no gloves)
Will    .....                   (no boots)
Stlth   ..........              (no amulet)
HPRegen 0.17/turn               (no ring)
MPRegen 0.10/turn               (no ring)

@: no status effects
A: no striking features
a: no special abilities


You were on level 4 of the Dungeon.
You visited 1 branch of the dungeon, and saw 4 of its levels.

You collected 190 gold pieces.

Inventory:

Hand Weapons
 a - a +0 war axe
 m - a +0 vorpal hand axe (weapon)
Armour
 b - a +0 scale mail (worn)
 c - a +0 buckler (worn)
 e - a +0 hat (worn)
 j - a +0 chain mail
 l - a +0 cloak (worn)
Jewellery
 o - a ring of magical power
Scrolls
 g - 7 scrolls of identify {unknown}
 h - a scroll of teleportation {unknown}
 i - a scroll of torment {unknown}
 k - a scroll of brand weapon {unknown}
 n - a scroll of magic mapping {unknown}
Potions
 d - 2 potions of might
 f - a potion of haste {unknown}


   Skills:
 - Level 3.6 Fighting
 * Level 6.3 Axes
 + Level 4.6 Armour
 + Level 4.6 Shields


You had 5 spell levels left.
You didn't know any spells.
Your spell library contained the following spells:

 Spells                   Type           Power      Damage    Failure   Level
 Animate Skeleton         Necr           0%         N/A       78%         1
 Apportation              Tloc           0%         N/A       78%         1
 Summon Small Mammal      Summ           0%         N/A       78%         1
 Slow                     Hex            0%         N/A       89%         2
 Confusing Touch          Hex            0%         N/A       98%         3
 Fireball                 Conj/Fire      0%         3d3       100%        5
 Iskenderun's Battlesphe  Conj           0%         2d6       100%        5
 Yara's Violent Unravell  Hex/Tmut       0%         3d3       100%        5
 Conjure Ball Lightning   Conj/Air       0%         3x3d6     100%        6
 Orb of Destruction       Conj           0%         N/A       100%        7


Dungeon Overview and Level Annotations

Branches:
Dungeon (4/15)             Temple (0/1) D:4

Altars:
Zin


Message History

You slash the goblin!
You kill the goblin!
No target in view!
o - a ring of magical power You see here a +0 dagger.
Found a leather armour.
No target in view!
Found a stone staircase leading up.
No target in view!
Found 14 arrows.
No target in view!
Found a staircase to the Ecumenical Temple.
No target in view!
Found a stone staircase leading up.
No target in view!
Key pressed, stopping explore.
No target in view!
Key pressed, stopping explore.
No target in view!
No target in view!
An ogre comes into view. It is wielding a +0 giant club.
An ogre is nearby!
The ogre hits you with a +0 giant club!!
You hit the ogre.
The ogre is lightly wounded.
The ogre hits you with a +0 giant club!
* * * LOW HITPOINT WARNING * * *
You are too injured to fight recklessly!
You hit the ogre.
The ogre is moderately wounded.
The ogre closely misses you.
You barely miss the ogre.
The ogre is moderately wounded.
You barely miss the ogre.
The ogre is moderately wounded.
The ogre misses you.
You slash the ogre!
The ogre is severely wounded.
The ogre hits you with a +0 giant club!!
You die...

.# ## #.# #. ..#
.# .< ##.> #. .#
#... #.#.# .
#... #.O.#
#.##.. #@.#
#..#.###.## .
#....#..# .#
#...## .##
######.### ..#
#........# ### #
#.#
#.#....#......
..# #.#.#
#.#.##...#####
#.#
#.#.###.#.#...##
#.#


You could see an ogre.

Vanquished Creatures
  A black bear (D:3)
  A hound (D:3)
  A centaur skeleton (D:3)
  An orc wizard (D:3)
  5 adders
  2 worms (D:2)
  2 dart slugs (D:2)
  5 orcs
  4 bats
  An endoplasm (D:1)
  5 giant cockroaches
  2 goblins
  3 hobgoblins
  4 kobolds
  8 ball pythons
  2 frilled lizards
  5 rats
52 creatures vanquished.

Notes
Turn   | Place    | Note
-------+----------+-------------------------------------------
     0 | D:1      | mordus the Hill Orc Fighter began the quest for the Orb.
     0 | D:1      | Reached XP level 1. HP: 19/19 MP: 1/1
   175 | D:1      | Reached skill level 3 in Axes
   216 | D:1      | Reached XP level 2. HP: 26/26 MP: 2/2
  1203 | D:2      | Reached XP level 3. HP: 18/31 MP: 3/3
  1614 | D:2      | Reached skill level 4 in Axes
  2016 | D:2      | Reached XP level 4. HP: 38/39 MP: 4/4
  2390 | D:3      | Noticed a black bear
  2407 | D:3      | Killed a black bear
  2408 | D:3      | Reached skill level 5 in Axes
  2408 | D:3      | Reached XP level 5. HP: 28/45 MP: 5/5
  2700 | D:3      | Reached skill level 6 in Axes
  2700 | D:3      | Reached XP level 6. HP: 46/51 MP: 6/6
  3292 | D:3      | Found a glowing silver altar of Zin.
  3562 | D:4      | Found a staircase to the Ecumenical Temple.
  3572 | D:4      | Mangled by an ogre

Illustrated notes

Levels and vault maps discovered:
D:1:      erik_arrival_cave_to_civilisation [erik_arrival_cave_to_hall],
          layout_basic, hangedman_abyss_or_decor_lesser_grid
D:2:      layout_basic
D:3:      layout_basic, zin_scriptorium, grunt_ministairs_7, serial_park_tiny_2,
          amcnicky_mini_corridor_feature, wander_ebering_terrifying_dragon_lair
D:4:      layout_loops_corners, lemuel_tele_altar,
          beargit_hepliaklqana_dungeon_heroes, amcnicky_altar_gilded,
          minmay_temple_entry_wispy, serial_shops, nicolae_shop_waterfront

Skill      XL: |  1  2  3  4  5 |
---------------+----------------+-----
Axes           | 3 4 5 6 |  6.3
Armour         | 4 |  4.6
Shields        | 4 |  4.6
Fighting       | |  3.6

Action                   |  1- 3 |  4- 6 || total
-------------------------+-------+-------++-------
Melee: War axe           |   121 |    22 ||   143
       Hand axe          |       |    64 ||    64
  Use: Potion            |       |     5 ||     5
Armor: Scale mail        |    57 |    44 ||   101
Dodge: Dodged            |    70 |    36 ||   106
Block: Buckler           |    26 |    22 ||    48

Table legend: (Time is in decaauts)
 A = Elapsed time spent in this place.
 B = Non-inter-level travel time spent in this place.
 C = Inter-level travel time spent in this place.
 D = Time resting spent in this place.
 E = Time spent auto-exploring this place.
 F = Levels seen in this place.
 G = Mean time per level.
                   A        B        C        D        E       F      G
               +--------+--------+--------+--------+--------+-----+--------+
         Total |   3618 |   3540 |     78 |    316 |   2738 |   4 |  904.5 |
       Dungeon |   3618 |   3540 |     78 |    316 |   2738 |   4 |  904.5 |
               +--------+--------+--------+--------+--------+-----+--------+

Top non-repeatable levels by time:
     D:3: 1286 daAuts
     D:1: 1185 daAuts
     D:2: 1009 daAuts
     D:4: 136 daAuts
